Map: Base du roi Sejong EC

Players

zidar - Winner!

  • Race: Zerg Zerg
  • League: Gold
  • Spawn Location: 5:00

ZombieZombie

  • Race: Protoss Protoss
  • League: Gold
  • Spawn Location: 11:00

VOD

Have the link to the VOD?

Description

Time

  • Played on: July 1, 2016, 12:33 p.m.
  • Length: 13:30
Show
View Real Time Build Order
Export as new Build Order

zidar Zerg - Winner!

Build Orders: Pool First 

Get SALT Encoding   

  12  0:01  Drone  
  13  0:12  Overlord  
  13  0:17  Drone  
  14  0:30  Drone x2  
  16  0:41  Spawning Pool  
  15  0:45  Drone  
  15  0:49  Extractor  
  15  0:51  Drone  
  15  0:56  Drone  
  17  1:09  Overlord  
  18  1:25  Drone  
  18  1:29  Queen  
  18  1:30  Drone  
  21  1:39  Zergling x2  
  22  1:56  Drone  
  22  1:59  Hatchery  
  22  2:00  Zergling x2  
  23  2:03  Metabolic Boost  
  23  2:12  Zergling x2  
  24  2:23  Zergling x2  
  25  2:34  Zergling x2  
  26  2:40  Zergling x6  
  29  2:49  Zergling x2  
  30  3:06  Pneumatized Carapace  
  30  3:11  Zergling x4  
  32  3:19  Queen  
  34  3:28  Roach Warren  
  26  4:17  Zergling x2  
  26  4:18  Zergling x16  
  25  5:15  Zergling x12  
  28  5:35  Zergling x2  
  28  5:36  Zergling x6  
  32  5:46  Zergling x4  
  34  5:56  Overlord x2  
  32  6:14  Roach  
  32  6:15  Roach x5  
  44  6:27  Roach x2  
  47  6:41  Lair  
  47  6:50  Drone  
  47  6:51  Drone x3  
  51  6:54  Overlord  
  51  6:56  Overlord  
  51  7:28  Roach  
  51  7:29  Roach x7  
  58  8:09  Zergling x20  
  52  8:43  Roach x8  
  68  8:55  Overseer  
  63  9:07  Hatchery  
  62  9:17  Hydralisk Den  
  62  9:21  Drone x4  
  62  9:22  Drone x3  
  68  9:40  Overlord  
  68  9:41  Overlord x4  
  55  10:18  Zergling x28  
  69  10:24  Muscular Augments  
  69  10:27  Extractor  
  52  11:53  Roach x3  
  52  11:54  Roach x5, Zergling x22  
  66  11:55  Zergling x4  
  69  12:21  Roach  
  69  12:22  Roach x5  
  71  12:44  Hydralisk  
  71  12:45  Hydralisk x6  
Show
View Real Time Build Order
Export as new Build Order

ZombieZombie Protoss 

Build Orders: 1 Gate Expand 

Get SALT Encoding   

  12  0:01  Probe (Chrono Boost)  
  13  0:11  Probe (Chrono Boost)  
  14  0:21  Pylon  
  14  0:24  Probe (Chrono Boost)  
  15  0:39  Gateway  
  15  0:41  Probe (Chrono Boost)  
  16  0:53  Probe (Chrono Boost)  
  17  1:00  Assimilator  
  18  1:04  Probe (Chrono Boost)  
  18  1:22  Nexus  
  18  1:31  Probe (Chrono Boost)  
  19  1:36  Cybernetics Core  
  19  1:41  Probe (Chrono Boost)  
  20  1:52  Probe (Chrono Boost)  
  21  1:57  Assimilator, Pylon  
  21  1:59  Zealot  
  23  2:13  Pylon  
  23  2:15  Probe (Chrono Boost)  
  24  2:26  Mothership Core (Chrono Boost)  
  26  2:34  Stalker  
  28  2:44  Probe x2 (Chrono Boost)  
  30  2:52  Warp Gate (Chrono Boost)  
  30  3:02  Robotics Facility  
  30  3:03  Probe  
  31  3:09  Probe  
  32  3:15  Probe  
  33  3:24  Gateway  
  33  3:28  Gateway  
  33  3:29  Probe  
  33  3:30  Probe  
  33  3:31  Gateway  
  31  4:14  Immortal (Chrono Boost)  
  35  4:20  Stalker  
  35  4:21  Adept, Stalker  
  35  4:22  Adept  
  21  4:45  Probe  
  21  4:47  Probe  
  22  5:11  Probe  
  22  5:12  Probe  
  11  5:21  Probe  
  11  5:24  Probe  
  11  5:25  Adept x3  
  17  5:32  Probe  
  18  5:36  Probe  
  19  5:54  Probe  
  19  5:56  Probe  
  15  6:15  Probe  
  15  6:16  Probe  
  17  6:23  Stalker x2  
  21  6:29  Adept  
  21  6:31  Probe  
  24  6:44  Probe  
  25  6:56  Probe  
  26  7:09  Probe  
  26  7:10  Adept x2  
  31  7:18  Pylon  
  31  7:21  Pylon  
  31  7:36  Probe  
  32  7:38  Sentry  
  32  7:41  Adept  
  32  7:42  Adept  
  22  8:21  Stalker x3  
  24  8:44  Probe  
  23  9:03  Pylon  
  23  9:05  Pylon  
  23  9:15  Probe  
  24  9:27  Probe  
  24  9:28  Stalker  
  27  9:32  Zealot x2  
  31  9:41  Probe  
  36  9:56  Zealot x2  
  36  9:57  Zealot x2  
  32  10:19  Zealot x4  
  38  10:57  Stalker x3  
  38  11:00  Pylon  
  38  11:02  Pylon  
  26  11:21  Stalker  
  26  11:22  Stalker  
  18  11:54  Zealot x2  
  10  12:29  Zealot  
  9  12:52  Stalker  
Tags
 
Add a new tag
Caveats
  • Supply blocks, unpowered buildings, or Contaminate may cause inaccurate times.
  • Supply counts are checked every 10 seconds.